 Dungeon Crawl Stone Soup version 0.27-a0-1137-g3ef0f4ec91 (webtiles) character file.

Game seed: 11860893246010991776

11713 wakim the Destroyer (level 11, 0/64 HPs)
             Began as a Deep Elf Conjurer on May 6, 2021.
             Was a Priest of Sif Muna.
             Slain by a two-headed ogre
             ... wielding a +0 giant club
              (8 damage)
             ... on level 10 of the Dungeon.
             The game lasted 01:01:00 (14228 turns).

wakim the Destroyer (Deep Elf Conjurer)            Turns: 14228, Time: 01:01:00

Health: 0/64       AC:  8    Str:  7    XL:     11   Next: 52%
Magic:  6/26       EV: 15    Int: 24    God:    Sif Muna [***...]
Gold:   506        SH: 12    Dex: 19    Spells: 18/29 levels left

rFire    . . .     SeeInvis .   a - +1 dagger (flame)
rCold    . . .     Faith    .   s - +0 tower shield
rNeg     . . .     Spirit   .   c - +0 steam dragon scales
rPois    .         Reflect  .   n - +0 helmet
rElec    .         Harm     .   h - +0 cloak
rCorr    .         Rampage  .   p - +0 pair of gloves
Will     +....                  (no boots)
Stlth    +++.......             (no amulet)
HPRegen  0.20/turn              g - +6 ring of dexterity
MPRegen  0.20/turn              q - +4 ring of evasion

@: very slightly contaminated
A: no striking features
a: Renounce Religion, Channel Magic, Forget Spell


You were on level 10 of the Dungeon.
You worshipped Sif Muna.
Sif Muna was most pleased with you.
You visited 2 branches of the dungeon, and saw 11 of its levels.
You also visited: Sewer.

You collected 506 gold pieces.

Inventory:

Hand Weapons
 a - a +1 dagger of flaming (weapon)
 d - the +5 scythe "Finisher" {speed, eviscerate}
   (You found it on level 7 of the Dungeon)

   Attacks with this weapon are significantly faster.
Missiles
 e - 5 atropa-tipped darts
 f - 2 throwing nets {=f!f}
Armour
 b - +0 acid dragon scales
 c - +0 steam dragon scales (worn)
 h - a +0 cloak (worn)
 i - +0 ice dragon scales
 n - a +0 helmet (worn)
 p - a +0 pair of gloves (worn)
 s - a +0 tower shield (worn)
Jewellery
 g - a +6 ring of dexterity (left hand)
 m - a ring of fire
 q - a +4 ring of evasion (right hand)
Wands
 v - a wand of flame (11)
 w - a wand of acid (14)
 x - a wand of iceblast (12)
Scrolls
 k - 3 scrolls of enchant weapon
 r - 3 scrolls of identify
 T - a scroll of teleportation
 X - a scroll of fog
Potions
 j - a potion of might {unknown}
 l - a potion of cancellation {unknown}
 o - a potion of resistance {unknown}
 B - a potion of attraction {!q}
 C - a potion of berserk rage {!q}
 D - 3 potions of brilliance
 F - 6 potions of curing
 G - 8 potions of flight
 H - a potion of haste
 J - 4 potions of heal wounds
 K - a potion of magic
 L - 2 potions of lignification {!q}
 M - 2 potions of mutation {!q}


   Skills:
 + Level 5.6 Fighting
 - Level 6.0 Dodging
 - Level 4.0 Stealth
 * Level 4.9 Shields
 + Level 9.9 Spellcasting
 + Level 11.7 Conjurations
 - Level 5.0 Hexes
 * Level 4.4 Translocations
 - Level 7.0 Invocations


You had 18 spell levels left.
You knew the following spells:

 Your Spells              Type           Power      Damage    Failure   Level
a - Magic Dart            Conj           100%       1d8       1%          1
s - Searing Ray           Conj           100%       3d7       1%          2
x - Iskenderun's Mystic   Conj/Tloc      50%        2d11      26%         4
z - Fulminant Prism       Conj/Hex       25%        3d14      22%         4

Your spell library contained the following spells:

 Spells                   Type           Power      Damage    Failure   Level
 Dazzling Flash           Conj/Hex       100%       N/A       7%          3


Dungeon Overview and Level Annotations

Branches:
Dungeon (10/15)            Temple (1/1) D:6            Lair (0/6) D:9
    Orc (0/2) D:9           Sewer (visited)

Altars:
Ashenzari
Cheibriados
Dithmenos
Elyvilon
Fedhas
Gozag
Hepliaklqana
Kikubaaqudgha
Makhleb
Nemelex Xobeh
Okawaru
Qazlal
Ru
Sif Muna
Trog
Uskayaw
Wu Jian
Xom
Yredelemnul
Zin
The Shining One

Shops:
D:3 (   D:5 (

Annotations:
D:8 boulder


Message History

The centaur shoots an arrow.
The arrow hits you!
A two-headed ogre opens the door.
Your fulminant prism crackles loudly.
The centaur shoots an arrow.
The arrow hits you.
Your fulminant prism explodes!
The blast of energy engulfs the centaur!!
You kill the centaur!
Sif Muna accepts your kill.
The blast of energy engulfs the orc wizard!
You kill the orc wizard!
Sif Muna accepts your kill. x2
You feel a bit more experienced.
The two-headed ogre shouts in stereo!
Training target 5.0 for Hexes reached!
Your Hexes skill increases to level 5!
Casting: Fulminant Prism (dangerous; 22% risk of failure)
Confirm with . or Enter, or press ? or * to list all spells.
The spell is quite dangerous to cast (26% risk of failure)!
Continue anyway?
You miscast Iskenderun's Mystic Blast.
You are very lightly contaminated with residual magic.
Nothing appears to happen.
The two-headed ogre hits you with a +0 giant club!
* * * LOW HITPOINT WARNING * * *
The two-headed ogre closely misses you.
Casting: Iskenderun's Mystic Blast (quite dangerous; 26% risk of failure)
Confirm with . or Enter, or press ? or * to list all spells.
The spell is quite dangerous to cast (26% risk of failure)!
Continue anyway?
You miscast Iskenderun's Mystic Blast.
A wave of violent energy washes through your body!
* * * LOW HITPOINT WARNING * * *
The two-headed ogre closely misses you. x2
Casting: Iskenderun's Mystic Blast (quite dangerous; 26% risk of failure)
Confirm with . or Enter, or press ? or * to list all spells.
The spell is quite dangerous to cast (26% risk of failure)!
Continue anyway?
You miscast Iskenderun's Mystic Blast.
A wave of violent energy washes through your body!
* * * LOW HITPOINT WARNING * * *
You block the two-headed ogre's attack.
The two-headed ogre hits you with a +0 giant spiked club!
You die...

#......#. #......#.
#......#. ##.....#.
################.....#.
#....................#.
#....................#.
#....................#.
#....O@..............')
#.###############....#.
#####.# ..... #....#.
#.....#.....# #....#.
#.....'.....# #....#.
#.....#.....# #....#.
#.)...#.....# #....#.
#'##### ..... ..#'####.
..) ..... .........


You could see a two-headed ogre.

Vanquished Creatures
  Josephine (D:10)
  Harold (D:5)
  2 two-headed ogres (D:8)
  An ugly thing (D:8)
  A kobold demonologist (D:10)
  Prince Ribbit (D:9)
  A troll (D:8)
  A hornet (D:8)
  8 wraiths
  Eustachio (D:6)
  A yak (D:8)
  3 steam dragons
  3 wargs (D:9)
  An acid dragon (D:8)
  A water moccasin (D:8)
  An ice beast (D:4)
  A hornet zombie (D:7)
  2 sky beasts
  6 orc warriors
  4 necrophages
  9 centaurs
  6 ogres
  2 phantoms
  2 bullfrogs
  A gnoll sergeant (D:9)
  4 scorpions
  2 wyvern zombies
  2 water moccasin skeletons
  5 killer bees (D:7)
  9 wights
  2 jellies (D:6)
  2 bullfrog zombies
  2 centaur zombies
  A gnoll shaman (D:8)
  3 orc priests
  A centaur skeleton (D:6)
  A hound (D:5)
  A bullfrog skeleton (D:5)
  An iguana (D:6)
  12 orc wizards
  2 killer bee zombies
  3 hound skeletons (D:5)
  4 mummies (D:7)
  6 adders
  9 gnolls
  2 howler monkey skeletons
  A river rat (D:3)
  2 shadow imps (D:8)
  3 white imps
  An adder skeleton (D:4)
  2 worms (D:2)
  25 orcs
  5 endoplasms
  3 giant cockroaches
  11 hobgoblins
  10 jackals
  6 quokkas
  4 ball pythons
  6 bats
  9 frilled lizards
  8 goblins
  12 kobolds
  10 rats
253 creatures vanquished.

Vanquished Creatures (collateral kills)
  A howler monkey (D:7)
1 creature vanquished.

Vanquished Creatures (others)
  An orc warrior (D:9)
  30 fulminant prisms
  12 plants (Sewer)
  2 withered plants
45 creatures vanquished.

Grand Total: 299 creatures vanquished

Notes
Turn   | Place    | Note
-------+----------+-------------------------------------------
     0 | D:1      | wakim the Deep Elf Conjurer began the quest for the Orb.
     0 | D:1      | Reached XP level 1. HP: 10/10 MP: 6/6
    90 | D:1      | Found a faded altar of an unknown god.
   362 | D:1      | Reached XP level 2. HP: 15/15 MP: 5/8
   419 | D:1      | Learned a level 2 spell: Searing Ray
  1019 | D:1      | Reached skill level 5 in Conjurations
  1022 | D:1      | Reached XP level 3. HP: 18/19 MP: 2/10
  2306 | D:3      | Found a sparkling altar of Nemelex Xobeh.
  2529 | D:3      | Found a glowing drain.
  2531 | D:3      | Reached XP level 4. HP: 18/24 MP: 9/11
  2546 | Sewer    | Entered a sewer
  3684 | D:3      | Found Naebut's Weapon Shoppe.
  3710 | D:3      | Learned a level 4 spell: Fulminant Prism
  3715 | D:3      | Learned a level 4 spell: Iskenderun's Mystic Blast
  3725 | D:3      | Noticed an ogre
  3734 | D:3      | Killed an ogre
  3735 | D:3      | Reached skill level 6 in Conjurations
  3735 | D:3      | Reached skill level 1 in Hexes
  3735 | D:3      | Reached XP level 5. HP: 28/28 MP: 6/13
  4261 | D:4      | Reached skill level 1 in Translocations
  4417 | D:4      | Noticed an ice beast
  4425 | D:4      | Killed an ice beast
  4426 | D:4      | Reached skill level 1 in Fighting
  4426 | D:4      | Reached XP level 6. HP: 23/34 MP: 5/15
  4976 | D:5      | Entered Level 5 of the Dungeon
  5054 | D:5      | Reached skill level 5 in Spellcasting
  5069 | D:5      | Reached XP level 7. HP: 38/38 MP: 9/16
  5114 | D:5      | Found Pyleinn's Weapon Boutique.
  5203 | D:5      | Reached skill level 7 in Conjurations
  5385 | D:5      | Found a stormy altar of Qazlal.
  5735 | D:5      | Found an iron altar of Okawaru.
  5737 | D:5      | Found a hide-covered altar of Uskayaw.
  5772 | D:5      | Reached XP level 8. HP: 36/45 MP: 10/19
  5859 | D:5      | Found a shimmering altar of Xom.
  5986 | D:5      | Found a shimmering blue altar of Sif Muna.
  5989 | D:5      | Found a bloodstained altar of Trog.
  5995 | D:5      | Became a worshipper of Sif Muna the Loreminder
  6068 | D:6      | Reached skill level 8 in Conjurations
  6072 | D:6      | Reached skill level 1 in Invocations
  6085 | D:5      | HP: 2/45 [orc warrior/+0 flail of protection (22)]
  7083 | D:6      | Noticed Eustachio
  7096 | D:6      | Killed Eustachio
  7712 | D:6      | Reached skill level 9 in Conjurations
  7712 | D:6      | Reached XP level 9. HP: 51/51 MP: 15/21
  7861 | D:6      | Found a staircase to the Ecumenical Temple.
  7867 | Temple   | Entered the Ecumenical Temple
  8039 | D:7      | Found the +5 scythe "Finisher" {speed, eviscerate}
  8250 | D:7      | Noticed Harold
  8259 | D:7      | Reached skill level 5 in Invocations
  8288 | D:6      | HP: 1/52 [something (5)]
  8762 | D:7      | Reached skill level 5 in Dodging
  8851 | D:7      | Reached * piety under Sif Muna
  8891 | D:7      | Reached skill level 10 in Conjurations
  9471 | D:7      | Reached XP level 10. HP: 47/57 MP: 17/24
 10028 | D:8      | Reached skill level 1 in Shields
 10269 | D:8      | Noticed a two-headed ogre
 10289 | D:8      | Killed a two-headed ogre
 10924 | D:8      | Reached ** piety under Sif Muna
 10937 | D:8      | Noticed a two-headed ogre
 10943 | D:8      | Killed a two-headed ogre
 11008 | D:8      | Noticed a cyan ugly thing
 11018 | D:8      | Killed a cyan ugly thing
 11019 | D:8      | Reached skill level 11 in Conjurations
 11022 | D:8      | Reached skill level 5 in Fighting
 11024 | D:8      | Noticed a boulder beetle
 11272 | D:5      | Killed Harold
 11551 | D:9      | Found a basalt altar of Yredelemnul.
 11762 | D:9      | Reached XP level 11. HP: 63/63 MP: 19/26
 11836 | D:9      | Found a staircase to the Orcish Mines.
 12116 | D:9      | Noticed Prince Ribbit
 12122 | D:9      | Killed Prince Ribbit
 13258 | D:9      | Found a staircase to the Lair.
 13859 | D:10     | Entered Level 10 of the Dungeon
 13927 | D:10     | Noticed Josephine
 13934 | D:10     | Killed Josephine
 13934 | D:10     | Reached *** piety under Sif Muna
 14218 | D:10     | Noticed a two-headed ogre
 14219 | D:10     | Reached skill level 5 in Hexes
 14228 | D:10     | Slain by a two-headed ogre

Illustrated notes

Levels and vault maps discovered:
D:1:      eino_arrival_cavern_a, layout_basic,
          hellmonk_ecumenical_altar_arch_garden, minivault_5,
          nrook_mini_backslash
D:2:      layout_loops_cross, minmay_increasing_density
D:3:      layout_rooms, nemelex_xobeh_ov_fountains_minmay, serial_shops,
          nicolae_shop_statue_plus, gup_sewer_entry_bubbles,
          kennysheep_generic_room_8
D:4:      layout_loops_cross, eino_tiny_chamber, chequers_serial_rivers_small_3
D:5:      layout_rooms, nicolae_qazlal_scattered_showers,
          grunt_temple_overflow_cloverleaf, lemuel_crystal_altar, serial_shops,
          nicolae_shop_trees, minmay_misc_feat_square
D:6:      layout_loops_cross, minmay_temple_entry_fiery,
          minmay_fractal_squares_diagonal_5, uniq_eustachio
D:7:      layout_rooms, serial_undead, serial_undead_b, serial_undead_c,
          serial_undead_a, serial_undead_d, serial_undead_b,
          minmay_guarded_unrand_finisher, uniq_harold
D:8:      minmay_chambers_of_sevens, layout_rooms, roderic_lattice_a,
          hex_intersection
D:9:      layout_long_grid, yredelemnul_altar_generic,
          erik_lair_orcish_takeover, erik_orc_3, uniq_prince_ribbit1
D:10:     layout_stronghold, vehumet_crystals, uniq_josephine
Temple:   dshaligram_water_room_temple

Skill      XL: |  1  2  3  4  5  6  7  8  9 10 11 |
---------------+----------------------------------+-----
Stealth        | 3 4 |  4.0
Conjurations   | 5 6 7 9 10 11 | 11.7
Spellcasting   | 4 5 6 7 8 9 |  9.9
Hexes          | 1 2 3 5 |  5.0
Translocations | 1 2 3 4 |  4.4
Fighting       | 1 2 3 4 5 |  5.6
Invocations    | 3 6 7 |  7.0
Dodging        | 4 5 6 |  6.0
Shields        | 3 4 |  4.9

Action                   |  1- 3 |  4- 6 |  7- 9 | 10-12 || total
-------------------------+-------+-------+-------+-------++-------
Melee: Dagger            |       |       |       |     3 ||     3
 Cast: Magic Dart        |    76 |    48 |    57 |     7 ||   188
       Searing Ray       |     5 |    19 |    68 |    68 ||   160
       Iskenderun's Myst |       |       |    12 |    14 ||    26
       Fulminant Prism   |       |       |     1 |    29 ||    30
Invok: Channel Magic     |       |       |       |     1 ||     1
  Use: Scroll            |     4 |     6 |     9 |     3 ||    22
       Potion            |       |       |     4 |       ||     4
Armor: Robe              |     1 |     1 |    16 |     5 ||    23
       Skin              |       |       |    12 |       ||    12
       Acid dragon scale |       |       |       |     1 ||     1
       Steam dragon scal |       |       |       |    10 ||    10
Dodge: Dodged            |     5 |     4 |    75 |    64 ||   148
Block: Tower shield      |       |       |       |    19 ||    19

Table legend: (Time is in decaauts)
 A = Elapsed time spent in this place.
 B = Non-inter-level travel time spent in this place.
 C = Inter-level travel time spent in this place.
 D = Time resting spent in this place.
 E = Time spent auto-exploring this place.
 F = Levels seen in this place.
 G = Mean time per level.
                   A        B        C        D        E       F      G
               +--------+--------+--------+--------+--------+-----+--------+
         Total |  14508 |  13862 |    646 |    949 |  10802 |  12 | 1209.0 |
       Dungeon |  13241 |  12612 |    629 |    849 |   9791 |  10 | 1324.1 |
        Temple |     75 |     58 |     17 |      0 |     48 |   1 |   75.0 |
         Sewer |   1191 |   1191 |      0 |    100 |    962 |   1 | 1191.0 |
               +--------+--------+--------+--------+--------+-----+--------+

Top non-repeatable levels by time:
     D:6: 2153 daAuts
     D:8: 2133 daAuts
     D:5: 1829 daAuts
     D:9: 1543 daAuts
     D:1: 1367 daAuts
   Sewer: 1191 daAuts
     D:7: 1187 daAuts
     D:4: 910 daAuts
     D:2: 873 daAuts
     D:3: 864 daAuts
    D:10: 377 daAuts
  Temple: 75 daAuts
